 Dungeon Crawl Stone Soup version 0.29.1-12-g30fa7ad0bf (webtiles) character file.

Game seed: 16700444773867356989

394 Peloso the Slasher (level 6, -1/53 HPs)
             Began as a Minotaur Fighter on Jan 1, 2023.
             Slain by a black bear (6 damage)
             ... on level 4 of the Dungeon.
             The game lasted 00:05:47 (2770 turns).

Peloso the Slasher (Minotaur Fighter)               Turns: 2770, Time: 00:05:48

Health: -1/53      AC:  9    Str: 21    XL:     6   Next: 51%
Magic:  5/5        EV:  8    Int:  5    God:
Gold:   177        SH:  5    Dex: 11    Spells: 5/5 levels left

rFire   + . .      SeeInvis .   a - +0 long sword
rCold   . . .      Faith    .   d - +0 buckler
rNeg    + . .      Spirit   .   c - +0 chain mail
rPois   .          Reflect  .   (helmet restricted)
rElec   .          Harm     .   (no cloak)
rCorr   .          Rampage  .   (no gloves)
Will    .....                   (no boots)
Stlth   ..........              (no amulet)
HPRegen 0.17/turn               l - ring of protection from fire
MPRegen 0.09/turn               p - ring of positive energy

@: no status effects
A: horns 2, retaliatory headbutt
a: no special abilities


You were on level 4 of the Dungeon.
You visited 1 branch of the dungeon, and saw 4 of its levels.

You collected 177 gold pieces.

Inventory:

Hand Weapons
 a - a +0 long sword (weapon)
Armour
 b - a +0 scale mail
 c - a +0 chain mail (worn)
 d - a +0 buckler (worn)
Jewellery
 l - a ring of protection from fire (left hand)
 p - a ring of positive energy (right hand)
Scrolls
 e - a scroll of blinking
 h - 4 scrolls of identify {unknown}
 j - a scroll of summoning {unknown}
 n - a scroll of teleportation {unknown}
 q - a scroll of immolation {unknown}
Potions
 f - a potion of flight {unknown}
 g - 2 potions of mutation {unknown}
 i - 2 potions of attraction {unknown}
 k - a potion of heal wounds {unknown}
 m - a potion of curing {unknown}
 o - a potion of degeneration {unknown}


   Skills:
 + Level 4.7 Fighting
 + Level 5.8 Long Blades
 + Level 5.3 Armour
 + Level 1.4 Dodging
 + Level 0.6 Stealth
 + Level 4.4 Shields


You had 5 spell levels left.
You didn't know any spells.
Your spell library contained the following spells:

 Spells                   Type           Power      Damage    Failure   Level
 Sting                    Tmut/Pois      0%         1d3       99%         1
 Poisonous Vapours        Pois/Air       0%         N/A       100%        2
 Olgreb's Toxic Radiance  Pois           0%         N/A       100%        4


Dungeon Overview and Level Annotations

Branches:
Dungeon (4/15)
 Temple: D:4-7

Altars:

Shops:
D:1 [   D:3 :


Innate Abilities, Weirdness & Mutations

You have a pair of horns on your head.
You reflexively headbutt those who attack you in melee.


Message History

The black bear claws you but does no damage.
You block the black bear's attack.
You hit the black bear.
The black bear is heavily wounded.
The black bear barely misses you. The black bear claws you. x2
You barely miss the black bear.
You headbutt the black bear, but do no damage.
The black bear is heavily wounded.
The black bear bites you! The black bear closely misses you.
The black bear claws you.
You hit the black bear.
You headbutt the black bear, but do no damage.
The black bear is heavily wounded.
The black bear bites you but does no damage.
The black bear claws you but does no damage.
You block the black bear's attack.
You slash the black bear!
The black bear is severely wounded.
The black bear bites you. The black bear claws you. x2
You barely miss the black bear.
The black bear is severely wounded.
The black bear goes berserk!
You completely miss the black bear.
The black bear is severely wounded.
The black bear barely misses you. You furiously retaliate!
You headbutt the black bear! The black bear claws you.
You block the black bear's attack. x2
The black bear claws you but does no damage. x2
You hit the black bear.
The black bear is almost dead.
The black bear bites you.
* * * LOW HITPOINT WARNING * * *
The black bear claws you.
* * * LOW HITPOINT WARNING * * *
The black bear claws you.
* * * LOW HITPOINT WARNING * * *
The black bear bites you.
* * * LOW HITPOINT WARNING * * *
The black bear claws you.
You die...

#........#....#
#........#..### .
#........#..####....#
#........#..........#
#........'[.........'
#........#..##......#
#........#..# ......#
#........#..##......#
#........#..@#......#
#........'...h......#
#........#...#......#
........#...#......#
.... #..######..#
#### #### ##


You could see a black bear (berserk).

Vanquished Creatures
  Sigmund (D:3)
  A phantom (D:4)
  An orc priest (D:4)
  An iguana (D:4)
  An orc wizard (D:3)
  An adder (D:3)
  A worm (D:2)
  2 dart slugs (D:1)
  6 orcs
  4 endoplasms
  2 giant cockroaches (D:1)
  5 goblins (D:3)
  7 hobgoblins
  5 jackals
  4 quokkas
  3 ball pythons
  3 bats
  7 frilled lizards
  4 kobolds (D:3)
  8 rats
67 creatures vanquished.

Notes
Turn   | Place    | Note
-------+----------+-------------------------------------------
     0 | D:1      | Peloso the Minotaur Fighter began the quest for the Orb.
     0 | D:1      | Reached XP level 1. HP: 19/19 MP: 0/0
   282 | D:1      | Found a faded altar of an unknown god.
   302 | D:1      | Reached XP level 2. HP: 26/27 MP: 1/1
   740 | D:1      | Found Piuniu Temn's Armour Boutique.
   762 | D:1      | Reached XP level 3. HP: 33/33 MP: 2/2
  1641 | D:3      | Reached skill level 1 in Dodging
  1641 | D:3      | Reached XP level 4. HP: 32/40 MP: 3/3
  1888 | D:3      | Noticed Sigmund
  1909 | D:3      | Killed Sigmund
  1910 | D:3      | Reached skill level 5 in Long Blades
  1910 | D:3      | Reached skill level 5 in Armour
  1910 | D:3      | Reached XP level 5. HP: 9/47 MP: 4/4
  2316 | D:3      | Found Calukaneonn's Book Emporium.
  2470 | D:3      | Noticed an ogre
  2544 | D:4      | Reached XP level 6. HP: 32/53 MP: 5/5
  2770 | D:4      | Slain by a black bear

Illustrated notes

Levels and vault maps discovered:
D:1:      tarquinn_simple_flora_water_e, layout_loops_ring, serial_shops,
          nicolae_shop_statue_plus,
          hellmonk_ecumenical_altar_pennies_from_heaven
D:2:      layout_rooms, patterned_corridor
D:3:      layout_basic, serial_shops, nicolae_shop_crystal, st_stairs_1,
          uniq_sigmund
D:4:      layout_gridville, mainiacjoe_overflow_paths

Skill      XL: |  1  2  3  4 |
---------------+-------------+-----
Armour         | 4 5 |  5.3
Long Blades    | 3 5 |  5.8
Shields        | 4 |  4.4
Fighting       | 4 |  4.7
Dodging        | 1 |  1.4
Stealth        | |  0.6

Action                   |  1- 3 |  4- 6 || total
-------------------------+-------+-------++-------
Melee: Long sword        |   100 |    86 ||   186
       Headbutt          |    16 |    11 ||    27
  Use: Scroll            |     2 |       ||     2
       Potion            |       |     1 ||     1
Armor: Scale mail        |    37 |       ||    37
       Chain mail        |    10 |    53 ||    63
Dodge: Dodged            |    52 |    29 ||    81
Block: Buckler           |    28 |    20 ||    48
